 Dungeon Crawl Stone Soup version 0.31-a0-1-g4198be8af4 (webtiles) character file.

Game seed: 4148119352826575137

575 themarg the Summoner (level 7, -1/41 HPs)
             Began as a Merfolk Summoner on Apr 30, 2023.
             Was a Follower of Hepliaklqana.
             Killed by divine providence
             ... invoked by an orc priest
              (11 damage)
             ... on level 5 of the Dungeon.
             The game lasted 00:14:28 (5656 turns).

themarg the Summoner (Merfolk Summoner)             Turns: 5656, Time: 00:14:28

Health: -1/41      AC:  2    Str:  8    XL:     7   Next: 35%
Magic:  3/10       EV: 12    Int: 16    God:    Hepliaklqana [*.....]
Gold:   128        SH:  0    Dex: 15    Spells: 2/10 levels left

rFire   . . .        n - +0 trident
rCold   . . .        (no shield)
rNeg    + . .        a - +0 robe
rPois   .            (no helmet)
rElec   .            (no cloak)
rCorr   .            (no gloves)
SInv    .            (no boots)
Will    .....        (no amulet)
Stlth   ++           x - ring of wizardry
HPRegen 0.26/turn    v - ring of positive energy
MPRegen 0.12/turn

%: wizardry (x1)
@: lethally poisoned (-1 -> -6)
A: reduced essence, (nimble swimmer 2), mertail
a: Renounce Religion, Recall Ancestor, Ancestor Identity


You were on level 5 of the Dungeon.
You worshipped Hepliaklqana.
Hepliaklqana was aware of your devotion.
You visited 2 branches of the dungeon, and saw 6 of its levels.

You collected 128 gold pieces.

Inventory:

Hand Weapons
 n - a +0 trident (weapon)
Missiles
 d - 44 stones
 l - 10 boomerangs
 t - 19 poisoned darts
Armour
 a - a +0 robe (worn)
Jewellery
 s - a ring of fire
 v - a ring of positive energy (right hand)
 x - a ring of wizardry (left hand)
Wands
 w - a wand of paralysis (18)
Scrolls
 c - 3 scrolls of teleportation
 f - a scroll of torment {unknown}
 h - a scroll of silence {unknown}
 j - 3 scrolls of amnesia
 m - 2 scrolls of poison
 q - 2 scrolls of vulnerability {unknown}
 r - 2 scrolls of enchant armour {unknown}
 u - 2 scrolls of fog {unknown}
 y - a scroll of fear {unknown}
Potions
 b - a potion of magic
 e - 3 potions of curing
 g - a potion of flight {unknown}
 i - a potion of might {unknown}
 k - 2 potions of attraction
 o - a potion of mutation {unknown}
 p - 2 potions of haste {unknown}


   Skills:
 - Level 2.6 Dodging
 - Level 2.1 Stealth
 - Level 2.0 Spellcasting
 + Level 8.2 Summonings
 + Level 2.0 Air Magic


You had 2 spell levels left.
You knew the following spells:

 Your Spells              Type           Power      Damage    Failure   Level
a - Summon Small Mammal   Summ           100%       N/A       1%          1
b - Call Canine Familiar  Summ           28%        N/A       1%          3
c - Summon Lightning Spi  Summ/Air       18%        N/A       11%         4

Your spell library contained the following spells:

 Spells                   Type           Power      Damage    Failure   Level
 Call Imp                 Summ           56%        N/A       1%          2
 Slow                     Hex            4%         N/A       9%          1
 Sting                    Tmut/Pois      4%         1d3       9%          1
 Poisonous Vapours        Pois/Air       8%         N/A       9%          2
 Summon Guardian Golem    Hex/Summ       14%        N/A       4%          3
 Confusing Touch          Hex            1%         N/A       24%         3
 Vampiric Draining        Necr           1%         2d6       24%         3
 Olgreb's Toxic Radiance  Pois           1%         N/A       58%         4


Dungeon Overview and Level Annotations

Branches:
Dungeon (5/15)             Temple (1/1) D:4

Altars:
Dithmenos
Fedhas
Hepliaklqana
Makhleb
Qazlal
Uskayaw
Vehumet
Wu Jian
Xom
Yredelemnul

Annotations:
D:5 Ijyb


Innate Abilities, Weirdness & Mutations

Your life essence is reduced to manifest your ancestor. (-10% HP)
((You are very nimble when in or above water. (Stealth+, EV+, Speed+++)))
Your lower body shifts to a powerful aquatic tail in water.


Message History

The orc priest calls upon Beogh to heal the orc.
The orc's wounds heal themselves!
The orc priest hits Sponge with a +0 mace!
Ijyb screams, "You nasty!
Big nasty!"
Reach: n) +0 trident
Press: ? - help, Dir - move target, f - orc
Aim: an orc, wielding a +0 dagger and wearing a +0 leather armour (about 44% to evade your +0 trident)
You reach to attack!
You hit the orc.
The orc is lightly wounded.
Sponge hits the orc priest.
The orc hits Sponge with a +1 short sword of venom.
The orc hits Sponge with a +0 dagger.
The orc priest hits something with a +0 morningstar!
The orc priest hits Sponge with a +0 mace.
Sponge is destroyed!
The orc priest calls down the wrath of Beogh upon you.
Beogh smites you!
Okay, then.
The orc attacks as you move away!
The orc hits you with a +1 short sword of venom.
* * * LOW HITPOINT WARNING * * *
You are lethally poisoned!
* * * LOW HITPOINT WARNING * * *
You feel very sick.
Your hound bites the orc.
You feel better.
The orc hits you with a +1 short sword of venom.
You are poisoned.
The orc hits something with a +0 dagger.
You feel very sick.
Your hound bites the orc.
The orc hits your hound but does no damage.
Something hits your hound.
Your hound barely misses the orc.
You feel sick. Something hits your hound. The orc barely misses you.
The orc attacks as you move away! The orc misses you.
You feel sick.
Your hound barely misses the orc priest.
Something completely misses your hound. Something barely misses your hound.
The orc priest calls down the wrath of Beogh upon you.
Beogh smites you!
You die...

.............##
##..###
#..########...#
#.....# ..## ###.#
#.....# ..# #.####
#.....# ... #....##
####### ##
.###########..#
........## ##.##
......#..####r.#####
......$#oo.o@....^.#
.......h#########...#
......g.# ###
........# .......$#
........# ......)##
......# ######


You could see 2 orc priests, an orc (ally target), a friendly hound (summoned)
and a friendly quokka (summoned).

Vanquished Creatures
  2 adders (D:3)
  3 orcs
  2 endoplasms
  A giant cockroach (D:1)
  2 goblins
  3 hobgoblins
  3 jackals
  A quokka (D:3)
  4 ball pythons
  3 bats
  A rat (D:1)
25 creatures vanquished.

Vanquished Creatures (collateral kills)
  2 scorpions (D:4)
  2 jellies (D:5)
  An orc priest (D:5)
  A gnoll bouda (D:5)
  Jessica (D:3)
  An iguana (D:5)
  A sleepcap (D:5)
  7 gnolls
  6 adders
  5 worms
  2 dart slugs
  11 orcs
  6 ball pythons
  3 endoplasms
  2 giant cockroaches
  5 goblins
  5 hobgoblins
  5 jackals
  6 kobolds
  3 quokkas
  A bat (D:3)
  A frilled lizard (D:1)
  3 rats (D:1)
80 creatures vanquished.

Vanquished Creatures (others)
  2 ancestors (D:5)
  22 plants (D:1)
24 creatures vanquished.

Grand Total: 129 creatures vanquished

Notes
Turn   | Place    | Note
-------+----------+-------------------------------------------
     0 | D:1      | themarg the Merfolk Summoner began the quest for the Orb.
     0 | D:1      | Reached XP level 1. HP: 13/13 MP: 3/3
   177 | D:1      | Reached XP level 2. HP: 19/19 MP: 1/5
   890 | D:1      | Reached XP level 3. HP: 24/24 MP: 4/6
   894 | D:1      | Learned a level 3 spell: Call Canine Familiar
   998 | D:1      | Reached skill level 5 in Summonings
  1085 | D:1      | Found a faded altar of an unknown god.
  1181 | D:2      | Found a shadowy altar of Dithmenos.
  1328 | D:2      | Reached XP level 4. HP: 5/30 MP: 2/7
  2345 | D:3      | Reached skill level 6 in Summonings
  2448 | D:3      | Reached XP level 5. HP: 35/35 MP: 0/8
  2755 | D:3      | Noticed Jessica
  2767 | D:3      | Killed Jessica
  3316 | D:4      | Found a staircase to the Ecumenical Temple.
  3341 | Temple   | Entered the Ecumenical Temple
  3361 | Temple   | Became a worshipper of Hepliaklqana the Forgotten
  3545 | D:4      | Reached skill level 7 in Summonings
  3545 | D:4      | Reached XP level 6. HP: 28/41 MP: 7/9
  4176 | D:4      | Found a blossoming altar of Fedhas.
  4575 | D:5      | Entered Level 5 of the Dungeon
  4732 | D:5      | Reached skill level 1 in Air Magic
  4760 | D:5      | Reached skill level 8 in Summonings
  4760 | D:5      | Reached XP level 7. HP: 17/46 MP: 0/10
  5282 | D:5      | Reached * piety under Hepliaklqana
  5338 | D:4      | Learned a level 4 spell: Summon Lightning Spire
  5643 | D:5      | Noticed Ijyb
  5656 | D:5      | Killed from afar by an orc priest

Illustrated notes

Levels and vault maps discovered:
D:1:      tekkud_arrival_beachfront_property, layout_basic,
          shapermc_ecumenical_altar_petra, serial_bayou_lagoon_a,
          supply_closet_lemuel, minmay_misc_feat_alley, minmay_tromino_v4_b
D:2:      layout_basic, basic_altar, grunt_ministairs_8
D:3:      layout_basic, chequers_serial_rivers_micro_e,
          hangedman_decor_diamond_cutter, eino_tiny_chamber, uniq_jessica
D:4:      layout_basic, fedhas_altar_fruit_tree, temple_doors_cd,
          nicolae_wormholes
D:5:      layout_rooms, grunt_dithmenos_smoke, columned_hall_lemuel, uniq_ijyb
Temple:   hellmonk_temple_two_chambers

Skill      XL: |  1  2  3  4  5  6  7 |
---------------+----------------------+-----
Summonings     | 5 6 7 8 |  8.2
Air Magic      | 1 2 |  2.0
Dodging        | |  2.6
Stealth        | |  2.1
Spellcasting   | |  2.0

Action                     |  1- 3 |  4- 6 |  7- 9 || total
---------------------------+-------+-------+-------++-------
  Melee: Trident           |    37 |    69 |    12 ||   118
         Dagger            |     6 |       |       ||     6
         Punch             |     1 |     1 |       ||     2
         Spear             |     1 |       |       ||     1
   Cast: Summon Small Mamm |    38 |    59 |    15 ||   112
         Call Canine Famil |     3 |    30 |     9 ||    42
 Invoke: Ancestor Identity |       |       |     1 ||     1
    Use: Scroll            |       |     5 |       ||     5
         Potion            |       |       |     1 ||     1
   Stab: Distracted        |     1 |     3 |     1 ||     5
 Armour: Robe              |     6 |    10 |     2 ||    18
  Dodge: Dodged            |    23 |    30 |     7 ||    60

Table legend: (Time is in decaauts)
 A = Elapsed time spent in this place.
 B = Non-inter-level travel time spent in this place.
 C = Inter-level travel time spent in this place.
 D = Time resting spent in this place.
 E = Time spent auto-exploring this place.
 F = Levels seen in this place.
 G = Mean time per level.
                   A        B        C        D        E       F      G
               +--------+--------+--------+--------+--------+-----+--------+
         Total |   5687 |   5383 |    304 |    218 |   4130 |   6 |  947.8 |
       Dungeon |   5661 |   5357 |    304 |    218 |   4130 |   5 | 1132.2 |
        Temple |     26 |     26 |      0 |      0 |      0 |   1 |   26.0 |
               +--------+--------+--------+--------+--------+-----+--------+

Top non-repeatable levels by time:
     D:4: 1503 daAuts
     D:1: 1229 daAuts
     D:2: 1088 daAuts
     D:5: 1013 daAuts
     D:3: 825 daAuts
  Temple: 26 daAuts
